 Dungeon Crawl Stone Soup version 0.19-a0-1209-gc6b3456 (webtiles) character file.

2 Sixotanaka the Caller (level 1, -2/13 HPs)
             Began as a Vampire Summoner on Aug 21, 2016.
             Slain by a kobold
             ... wielding a +0 short sword
              (6 damage)
             ... on level 1 of the Dungeon.
             The game lasted 00:00:27 (212 turns).

Sixotanaka the Caller (Vampire Summoner)             Turns: 212, Time: 00:00:28

Health: -2/13      AC:  2    Str:  7    XL:     1   Next: 25%
Magic:  0/3        EV: 12    Int: 17    God:
Gold:   0          SH:  0    Dex: 14    Spells: 1 memorised, 3 levels left

rFire  . . .     SeeInvis +     (no weapon)
rCold  . . .     Gourm    .     a - +0 robe
rNeg   + . .     Faith    .     (no shield)
rPois  .         Spirit   .     (no helmet)
rElec  .         Dismiss  .     (no cloak)
rCorr  .         Reflect  .     (no gloves)
MR     .....     Harm     .     (no boots)
Stlth  ++........               (no amulet)
                                (no ring)
                                (no ring)

@: no status effects
A: fangs 3, see invisible, unbreathing
a: no special abilities


You were on level 1 of the Dungeon.
You were not thirsty.

You visited 1 branch of the dungeon, and saw 1 of its levels.


Innate Abilities, Weirdness & Mutations

You have razor-sharp teeth.
You have supernaturally acute eyesight. (SInv)
You can survive without breathing.


   Skills:
 - Level 2.1 Dodging
 - Level 3.0 Stealth
 - Level 2.0 Spellcasting
 + Level 4.1 Summonings


You had 3 spell levels left.
You knew the following spells:

 Your Spells              Type           Power        Failure   Level  Hunger
a - Summon Small Mammal   Summ           ###.         3%          1    #......


Dungeon Overview and Level Annotations

Branches:
Dungeon (1/15)

Altars:

Inventory:

Armour
 a - a +0 robe (worn)
Scrolls
 d - a scroll of identify {unknown}
Potions
 c - 2 potions of blood {@q0}
Books
 b - a book of Callings

#......# ##
#......## . .
#.......w .. ###
#......# #.#..
#...g..# #...#
#......# #..#.
#.r....# #..#..
#####@K....# #...
#....r.r.?.#
#..#..
#.###......#
#..#.
###.##########
##..# #....# ##..
#.#..# ########
#.. #.#..#
#......# #..
..#..#
######......###..
####..#
#................


You could see a dart slug, a goblin, a kobold, a friendly quokka and 2 friendly
rats.


Message History

A hobgoblin is nearby!
You don't know that spell.
Unknown command.
You miscast Summon Small Mammal.
You are very lightly contaminated with residual magic.
Nothing appears to happen.
The hobgoblin hits you.
The hobgoblin hits you but does no damage.
You swap places.
You barely miss the hobgoblin. The hobgoblin closely misses you.
Your rat barely misses the hobgoblin.
You hit the hobgoblin but do no damage. Your bite misses the hobgoblin.
Your quokka closely misses the hobgoblin.
The hobgoblin barely misses you.
Your rat bites the hobgoblin.
You barely miss the hobgoblin. Your bite misses the hobgoblin.
Your quokka bites the hobgoblin.
The hobgoblin hits you but does no damage.
Your rat barely misses the hobgoblin.
You hit the hobgoblin but do no damage.
Your quokka barely misses the hobgoblin.
The hobgoblin hits you.
* * * LOW HITPOINT WARNING * * *
Your quokka bites the hobgoblin.
The hobgoblin dies!
You swap places.
There isn't anything here!
You start resting.
Your magical contamination has completely faded away.
Your rat disappears in a puff of smoke!
There is a stone staircase leading down here.
Your quokka disappears in a puff of smoke!
Found a mace.
You see here a mace.
A kobold comes into view. It is wielding a short sword.
Found a scroll labeled MIPARYEHEU.
A kobold is nearby!
A kobold is nearby!
A kobold is nearby!
A goblin comes into view. It is wielding a club.
The goblin shouts!
The kobold shouts!
You hit the kobold but do no damage. Your quokka misses the kobold.
The kobold closely misses you.
Your rat bites the kobold.
A dart slug comes into view.
You barely miss the kobold.
Your rat closely misses the kobold.
Your quokka misses the kobold. The dart slug launches a dart at you.
The slug dart misses your quokka. The slug dart hits you!
* * * LOW HITPOINT WARNING * * *
The kobold hits you with a short sword.
You die...

Vault maps used:
D:1:      scummos_arrival_hexagon, minmay_statues_item

Vanquished Creatures (collateral kills)
  A hobgoblin (D:1)
  A kobold (D:1)
2 creatures vanquished.

Table legend:
 A = Turns spent in this place as a percentage of turns spent in the entire game.
 B = Non-inter-level travel turns spent in this place as a percentage of non-inter-level travel turns spent in the entire game.
 C = Inter-level travel turns spent in this place as a percentage of turns spent in this place.
 D = Turns resting spent in this place as a percentage of non-inter-level travel turns spent in this place.
 E = Turns spent auto-exploring this place as a percentage of non-inter-level travel turns spent in this place.
 F = Non-inter-level travel turns spent in this place divided by the number of levels of this place that you've seen.
                   A       B       C       D       E      F
               +-------+-------+-------+-------+-------+----------------------
         Total | 100.0 | 100.0 |   0.0 |   7.4 |   8.8 |  68.0
       Dungeon | 100.0 | 100.0 |   0.0 |   7.4 |   8.8 |  68.0
               +-------+-------+-------+-------+-------+----------------------

Table legend:
 A = Kills in this place as a percentage of kills in entire the game.
 B = Kills by you in this place as a percentage of kills by you in the entire game.
 C = Kills by friends in this place as a percentage of kills by friends in the entire game.
 D = Other kills in this place as a percentage of other kills in the entire game.
 E = Experience gained in this place as a percentage of experience gained in the entire game.
 F = Experience gained in this place divided by the number of levels of this place that you have seen.
                   A       B       C       D       E      F
               +-------+-------+-------+-------+-------+----------------------
         Total | 100.0 |  -nan | 100.0 |  -nan | 100.0 |   3.0
       Dungeon | 100.0 |  -nan | 100.0 |  -nan | 100.0 |   3.0
               +-------+-------+-------+-------+-------+----------------------

Notes
Turn   | Place    | Note
-------+----------+-------------------------------------------
     0 | D:1      | Sixotanaka the Vampire Summoner began the quest for the Orb.
     0 | D:1      | Reached XP level 1. HP: 13/13 MP: 3/3
   212 | D:1      | Slain by a kobold

Action                   || total
-------------------------++-------
Melee: Unarmed           ||    15
       Bite              ||     1
 Cast: Summon Small Mamm ||     8
 Stab: Distracted        ||     1
Armor: Robe              ||     4
Dodge: Dodged            ||     6
